% Time on Ice - BANFF WOLVES
Lines # - Real PCT - Wanted PCT - Time Play
Normal Forward
1 - 35% - 35% - 16:19
2 - 36% - 33% - 16:28
3 - 24% - 24% - 11:01
4 - 5% - 8% - 2:12
Normal Defense
1 - 37% - 35% - 17:04
2 - 37% - 35% - 16:50
3 - 19% - 20% - 8:48
4 - 7% - 10% - 3:18
PP Forward
1 - 58% - 60% - 3:26
2 - 42% - 40% - 2:31
PP Defense
1 - 58% - 60% - 3:28
2 - 42% - 40% - 2:29
PK Forward
1 - 79% - 60% - 6:20
2 - 21% - 40% - 1:43
PK Defense
1 - 59% - 60% - 4:47
2 - 41% - 40% - 3:16
PK3 Forward
1 - 0% - 60%
2 - 0% - 40%
PK3 Defense
1 - 0% - 60%
2 - 0% - 40%
44 Forward
1 - 0% - 60%
2 - 0% - 40%
44 Defense
1 - 0% - 60%
2 - 0% - 40%
Last Minute Offensive  - 0:00
Last Minute Defensive  - 0:00
Total
Forward - 60:00
Defense - 60:00
% Time on Ice - SACRAMENTO BANDITS
Lines # - Real PCT - Wanted PCT - Time Play
Normal Forward
1 - 36% - 35% - 16:42
2 - 29% - 30% - 13:25
3 - 29% - 30% - 13:28
4 - 5% - 5% - 2:25
Normal Defense
1 - 36% - 36% - 16:31
2 - 27% - 31% - 12:36
3 - 31% - 23% - 14:19
4 - 6% - 10% - 2:34
PP Forward
1 - 49% - 55% - 3:58
2 - 51% - 45% - 4:05
PP Defense
1 - 46% - 55% - 3:44
2 - 54% - 45% - 4:19
PK Forward
1 - 75% - 55% - 4:28
2 - 25% - 45% - 1:29
PK Defense
1 - 66% - 55% - 3:55
2 - 34% - 45% - 2:02
PK3 Forward
1 - 0% - 55%
2 - 0% - 45%
PK3 Defense
1 - 0% - 55%
2 - 0% - 45%
44 Forward
1 - 0% - 55%
2 - 0% - 45%
44 Defense
1 - 0% - 55%
2 - 0% - 45%
Last Minute Offensive  - 0:00
Last Minute Defensive  - 0:00
Total
Forward - 60:00
Defense - 60:00
Play-by-Play 1st period 0:01 of 1st period - Elias Lindholm wins face-off versus Evgeny Kuznetsov in neutral zone. 0:01 of 1st period - Artemi Panarin is hit by Andre Burakovsky. 0:18 of 1st period - Off-side. 0:19 of 1st period - Andrew Copp wins face-off versus Joel Eriksson Ek in neutral zone. 0:24 of 1st period - Shot by Andrew Copp. 0:24 of 1st period - Stopped by Joey Daccord without a rebound. 0:25 of 1st period - Cody Glass wins face-off versus Mikael Backlund in BANFF WOLVES zone. 0:54 of 1st period - Shot by Mikael Backlund. 0:54 of 1st period - Shot Misses the Net. 1:04 of 1st period - Shot by Adam Henrique. 1:04 of 1st period - Shot Blocked by Alexandre Carrier. 1:23 of 1st period - Icing by Timo Meier. 1:24 of 1st period - Mikael Backlund wins face-off versus Andrew Copp in BANFF WOLVES zone. 2:43 of 1st period - Icing by Ryan McDonagh. 2:44 of 1st period - Eric Staal wins face-off versus Jonathan Huberdeau in SACRAMENTO BANDITS zone. 3:13 of 1st period - Shot by Jason Dickinson. 3:13 of 1st period - Stopped by Carter Hart without a rebound. 3:14 of 1st period - Elias Lindholm wins face-off versus Cody Glass in SACRAMENTO BANDITS zone. 3:17 of 1st period - Shot by Mats Zuccarello. 3:17 of 1st period - Stopped by Carter Hart without a rebound. 3:18 of 1st period - Elias Lindholm wins face-off versus Cody Glass in SACRAMENTO BANDITS zone. 3:18 of 1st period - Mats Zuccarello is hit by Alexandre Carrier and loses puck. 3:27 of 1st period - Shot by Elias Lindholm. 3:27 of 1st period - Stopped by Carter Hart without a rebound. 3:28 of 1st period - Evgeny Kuznetsov wins face-off versus Elias Lindholm in SACRAMENTO BANDITS zone. 3:28 of 1st period - Aaron Ekblad is hit by Elias Lindholm. 4:18 of 1st period - Shot by Artemi Panarin. 4:18 of 1st period - Shot Misses the Net. 4:31 of 1st period - Aaron Ekblad is hit by Quinton Hughes and loses puck. 4:47 of 1st period - Cody Glass is hit by Quinton Hughes and loses puck. 5:17 of 1st period - Cody Glass is hit by Quinton Hughes and loses puck. 5:34 of 1st period - Shot by Brandon Tanev. 5:34 of 1st period - Stopped by Joey Daccord with a rebound. 6:08 of 1st period - Shot by Andrew Copp. 6:08 of 1st period - Stopped by Joey Daccord with a rebound. 6:58 of 1st period - Shot by Robert Fabbri. 6:58 of 1st period - Stopped by Joey Daccord without a rebound. 6:59 of 1st period - Adam Henrique wins face-off versus Robert Fabbri in BANFF WOLVES zone. 7:10 of 1st period - Shot by Timo Meier. 7:10 of 1st period - Shot Misses the Net. 7:12 of 1st period - Shot by Miro Heiskanen. 7:12 of 1st period - Shot Misses the Net. 7:28 of 1st period - Cam Fowler is hit by Radko Gudas and loses puck. 8:13 of 1st period - Elias Lindholm is hit by Brandon Tanev and loses puck. 8:23 of 1st period - Shot by Andrew Copp. 8:23 of 1st period - Stopped by Joey Daccord without a rebound. 8:24 of 1st period - Eric Staal wins face-off versus Evgeny Kuznetsov in BANFF WOLVES zone. 8:36 of 1st period - Jason Dickinson is hit by Ryan McDonagh and loses puck. 8:55 of 1st period - Shot by Jason Dickinson. 8:55 of 1st period - Stopped by Carter Hart without a rebound. 8:56 of 1st period - Elias Lindholm wins face-off versus Andrew Copp in SACRAMENTO BANDITS zone. 9:09 of 1st period - Shot by Artemi Panarin. 9:09 of 1st period - Stopped by Carter Hart with a rebound. 10:01 of 1st period - Off-side. 10:02 of 1st period - Joel Eriksson Ek wins face-off versus Cody Glass in neutral zone. 10:24 of 1st period - Icing by Aaron Ekblad. 10:25 of 1st period - Cody Glass wins face-off versus Mikael Backlund in SACRAMENTO BANDITS zone. 10:27 of 1st period - Ryan McDonagh is hit by Timo Meier and loses puck. 10:35 of 1st period - Minor Penalty to Timo Meier for Cross-checking. 10:36 of 1st period - Evgeny Kuznetsov wins face-off versus Mikael Backlund in BANFF WOLVES zone. 11:13 of 1st period - Shot by Evgeny Kuznetsov. 11:13 of 1st period - Stopped by Joey Daccord without a rebound. 11:14 of 1st period - Mikael Backlund wins face-off versus Andrew Copp in BANFF WOLVES zone. 11:31 of 1st period - Shot by Aaron Ekblad. 11:31 of 1st period - Shot Misses the Net. 11:33 of 1st period - Shot by Aaron Ekblad. 11:33 of 1st period - Goal by Aaron Ekblad - BANFF WOLVES : 0 - SACRAMENTO BANDITS : 1. 11:34 of 1st period - Joel Eriksson Ek wins face-off versus Cody Glass in neutral zone. 13:30 of 1st period - Shot by Evander Kane. 13:30 of 1st period - Shot Misses the Net. 14:01 of 1st period - Shot by Andrew Copp. 14:01 of 1st period - Shot Misses the Net. 14:03 of 1st period - Shot by Andrew Copp. 14:03 of 1st period - Deflect By Evander Kane. 14:03 of 1st period - Stopped by Joey Daccord with a rebound. 14:16 of 1st period - Icing by Quinton Hughes. 14:17 of 1st period - Mikael Backlund wins face-off versus Cody Glass in BANFF WOLVES zone. 14:17 of 1st period - Mikael Backlund is hit by Cody Glass. 14:33 of 1st period - Shot by Robert Fabbri. 14:33 of 1st period - Stopped by Joey Daccord without a rebound. 14:34 of 1st period - Evgeny Kuznetsov wins face-off versus Eric Staal in BANFF WOLVES zone. 15:11 of 1st period - Shot by Evgeny Kuznetsov. 15:11 of 1st period - Stopped by Joey Daccord without a rebound. 15:12 of 1st period - Elias Lindholm wins face-off versus Andrew Copp in BANFF WOLVES zone. 15:17 of 1st period - Shot by Mats Zuccarello. 15:17 of 1st period - Shot Misses the Net. 15:39 of 1st period - Shot by Mats Zuccarello. 15:39 of 1st period - Shot Misses the Net. 17:42 of 1st period - Timo Meier is hit by Alexandre Carrier and loses puck. 17:49 of 1st period - Shot by Miro Heiskanen. 17:49 of 1st period - Stopped by Carter Hart without a rebound. 17:50 of 1st period - Andrew Copp wins face-off versus Elias Lindholm in SACRAMENTO BANDITS zone. 18:08 of 1st period - Minor Penalty to Elias Lindholm for Holding. 18:09 of 1st period - Mikael Backlund wins face-off versus Evgeny Kuznetsov in BANFF WOLVES zone. 18:09 of 1st period - Mikael Backlund is hit by Jonathan Huberdeau. 18:21 of 1st period - Shot by Aaron Ekblad. 18:21 of 1st period - Stopped by Joey Daccord without a rebound. 18:22 of 1st period - Andrew Copp wins face-off versus Mikael Backlund in BANFF WOLVES zone. 18:52 of 1st period - Shot by Aaron Ekblad. 18:52 of 1st period - Shot Misses the Net. Goals for this period are 0 for BANFF WOLVES vs 1 for SACRAMENTO BANDITS. Shots for this period are 6 for BANFF WOLVES vs 11 for SACRAMENTO BANDITS. 2nd period 0:01 of 2nd period - Evgeny Kuznetsov wins face-off versus Mikael Backlund in neutral zone. 0:32 of 2nd period - Shot by Andrew Copp. 0:32 of 2nd period - Stopped by Joey Daccord without a rebound. 0:33 of 2nd period - Evgeny Kuznetsov wins face-off versus Timo Meier in BANFF WOLVES zone. 0:47 of 2nd period - Shot by Jonathan Huberdeau. 0:47 of 2nd period - Stopped by Joey Daccord with a rebound. 0:53 of 2nd period - Shot by Evgeny Kuznetsov. 0:53 of 2nd period - Shot Misses the Net. 1:19 of 2nd period - Shot by Timo Meier. 1:19 of 2nd period - Shot Misses the Net. 1:52 of 2nd period - Icing by Robert Fabbri. 1:53 of 2nd period - Robert Fabbri wins face-off versus Joel Eriksson Ek in SACRAMENTO BANDITS zone. 2:13 of 2nd period - Shot by Joel Eriksson Ek. 2:13 of 2nd period - Stopped by Carter Hart with a rebound. 2:15 of 2nd period - Shot by Roope Hintz. 2:15 of 2nd period - Shot Misses the Net. 2:17 of 2nd period - Shot by Roman Josi. 2:17 of 2nd period - Stopped by Carter Hart without a rebound. 2:18 of 2nd period - Elias Lindholm wins face-off versus Andrew Copp in SACRAMENTO BANDITS zone. 2:27 of 2nd period - Shot by Elias Lindholm. 2:27 of 2nd period - Deflect By Mats Zuccarello. 2:27 of 2nd period - Stopped by Carter Hart without a rebound. 2:28 of 2nd period - Andrew Copp wins face-off versus Joel Eriksson Ek in SACRAMENTO BANDITS zone. 2:45 of 2nd period - Shot by Brandon Tanev. 2:45 of 2nd period - Stopped by Joey Daccord without a rebound. 2:46 of 2nd period - Elias Lindholm wins face-off versus Cody Glass in BANFF WOLVES zone. 2:46 of 2nd period - Elias Lindholm is hit by Jordan Martinook. 2:49 of 2nd period - Icing by Mats Zuccarello. 2:50 of 2nd period - Evgeny Kuznetsov wins face-off versus Elias Lindholm in BANFF WOLVES zone. 3:13 of 2nd period - Shot by Evgeny Kuznetsov. 3:13 of 2nd period - Stopped by Joey Daccord without a rebound. 3:14 of 2nd period - Joel Eriksson Ek wins face-off versus Cody Glass in BANFF WOLVES zone. 3:42 of 2nd period - Icing by Alexandre Carrier. 3:43 of 2nd period - Cody Glass wins face-off versus Artemi Panarin in SACRAMENTO BANDITS zone. 3:43 of 2nd period - Cody Glass is hit by Elias Lindholm. 3:50 of 2nd period - Off-side. 3:51 of 2nd period - Mikael Backlund wins face-off versus Evgeny Kuznetsov in neutral zone. 4:01 of 2nd period - Shot by Jonathan Huberdeau. 4:01 of 2nd period - Deflect By Evgeny Kuznetsov. 4:01 of 2nd period - Shot Misses the Net. 4:03 of 2nd period - Shot by Evgeny Kuznetsov. 4:03 of 2nd period - Deflect By Andre Burakovsky. 4:03 of 2nd period - Stopped by Joey Daccord with a rebound. 4:05 of 2nd period - Shot by Evgeny Kuznetsov. 4:05 of 2nd period - Shot Blocked by Cam Fowler. 4:07 of 2nd period - Shot by Janis Moser. 4:07 of 2nd period - Shot Misses the Net. 4:09 of 2nd perio